AoeStats
← PIGGI A MAND!!!

Black Forest

510394685Analyzed
2v2 RM · 12h ago on Sep 30, 2026· 14m 8s· 4 players
Game mode
Random Map
Map size
Medium (4 player)
Population
200
Speed
Normal
Resources
Standard
Victory
Conquest
Starting age
Dark Age
Ending age
Imperial Age
RankedLock teamsTeams togetherTeam positionsShared explorationLock speedFull tech treeHidden civsTurbo modeCheats
Victory
Defeat
🇦🇹 Turks · Austria
1263
+15
🇳🇱 Japanese · Netherlands
1253
+16
🇸🇪 Mongols · Sweden
1316
-18
🇳🇴 Franks · Norway
1178
-13
Dingodan
7:03 Loom
11:39 Feudal Age
12:21 Double-Bit Axe
TwentyTwo22
1:35 Loom
10:27 Feudal Age
10:32 Man-at-Arms
johg0001
0:43 Loom
10:54 Feudal Age
15:05 Castle Age
13:49 Double-Bit Axe
PIGGI A MAND!!!
11:06 Loom
12:51 Feudal Age
Connection lost

Rejoining the realm…

Still unreachable

The connection could not be restored.

Session expired

The server has moved on; the page needs a fresh start.